 Dungeon Crawl Stone Soup version 0.23.0 (webtiles) character file.

Game seed: 12558714852003569859

275 Masnef the Ducker (level 6, -1/37 HPs)
             Began as a Deep Elf Monk on Feb 11, 2019.
             Was a Believer of Vehumet.
             Killed by divine providence
             ... invoked by an orc priest
              (13 damage)
             ... on level 3 of the Dungeon.
             The game lasted 00:22:58 (4579 turns).

Masnef the Ducker (Deep Elf Monk)                   Turns: 4579, Time: 00:22:59

Health: -1/37      AC:  6    Str:  8    XL:     6   Next: 3%
Magic:  10/11      EV: 14    Int: 17    God:    Vehumet [**....]
Gold:   129        SH:  0    Dex: 17    Spells: 8/9 levels left

rFire    . . .     SeeInvis .   j - +0 hunting sling
rCold    . . .     Gourm    .   (no shield)
rNeg     . . .     Faith    .   b - +0 robe
rPois    .         Spirit   .   f - +0 helmet
rElec    .         Reflect  .   r - +1 cloak
rCorr    .         Harm     .   t - +0 pair of gloves {archery}
MR       .....                  (no boots)
Stlth    +++.......             (no amulet)
HPRegen  0.12/turn              i - ring of flight
MPRegen  0.12/turn              (no ring)

@: no status effects
A: no striking features
a: Renounce Religion, Evoke Flight


You were on level 3 of the Dungeon.
You worshipped Vehumet.
Vehumet was pleased with you.
You were not hungry.

You visited 1 branch of the dungeon, and saw 4 of its levels.

You collected 129 gold pieces.

Inventory:

Hand Weapons
 a - a +1 short sword
 g - a +3 whip of flaming
 j - a +0 hunting sling (weapon)
Missiles
 k - 23 stones
 p - 11 curare-tipped needles
 s - 48 sling bullets (quivered)
Armour
 b - a +0 robe (worn)
 f - a +0 helmet (worn)
 o - a +0 leather armour
 q - a +0 pair of gloves
 r - a +1 cloak (worn)
 t - a +0 pair of gloves of archery (worn)
Jewellery
 i - a ring of flight (left hand)
Scrolls
 d - a scroll of enchant weapon
 l - a scroll of remove curse
 m - a scroll of immolation
Potions
 e - 2 potions of lignification
 h - 2 potions of curing
 n - 3 potions of brilliance
 u - a potion of invisibility
 v - 3 potions of haste
 w - a potion of magic
Comestibles
 c - 7 rations
 x - 3 chunks of flesh


   Skills:
 * Level 3.0 Fighting
 - Level 3.1 Short Blades
 + Level 4.3 Dodging
 - Level 4.2 Stealth
 * Level 2.4 Spellcasting
 + Level 2.8 Conjurations
 - Level 2.5 Poison Magic


You had 8 spell levels left.
You knew the following spells:

 Your Spells              Type           Power        Failure   Level  Hunger
a - Sting                 Conj/Pois      ##..         6%          1    #......
Your spell library was empty.

Dungeon Overview and Level Annotations

Branches:
Dungeon (4/15)
 Temple: D:4-7

Altars:
Hepliaklqana
Nemelex Xobeh
Qazlal
Vehumet
Xom

Annotations:
D:4 Robin


Message History

Confirm with . or Enter, or press ? or * to list all spells.
Aiming: Sting (safe; 6% risk of failure)
Press: ? - help, Shift-Dir - straight line, f - orc priest
Aim: an orc priest, wielding a +0 dagger and wearing a +0 chain mail (hasn't noticed you)
The sting hits the orc priest but does no damage.
The orc priest shouts!
Casting: Sting (safe; 6% risk of failure)
Confirm with . or Enter, or press ? or * to list all spells.
Aiming: Sting (safe; 6% risk of failure)
Press: ? - help, Shift-Dir - straight line, f/p - orc priest
Aim: an orc priest, wielding a +0 dagger and wearing a +0 chain mail The sting hits the orc priest but does no damage.
The orc priest mumbles some strange prayers to Beogh against you.
Beogh smites you!
The orc priest calls down the wrath of Beogh upon you.
Beogh smites you!
* * * LOW HITPOINT WARNING * * *
The orc priest calls down the wrath of Beogh upon you.
Beogh smites you!
You die...

######## #.......
#......# #######.......
#......# #.............
#......####......###'##)
#...>.....'......'......
#####..####......##..#.#
##.## #......#...#.#
#..# ########..##.#
##@## #.....#
#..##########.####
##.##.......#.#
#.##.......#.#
#.##.......#.#
#..#...)...#.#
##.#.......#.#
##o#.......#.####
#.......(........


You could see an orc priest.

Vanquished Creatures
  A bullfrog (D:3)
  A scorpion (D:3)
  A howler monkey (D:4)
  2 gnolls
  2 adders (D:2)
  A worm (D:2)
  A dart slug (D:2)
  A leopard gecko (D:3)
  8 orcs
  2 ball pythons
  4 giant cockroaches
  8 goblins
  6 hobgoblins
  3 jackals (D:3)
  3 quokkas
  6 bats
  8 frilled lizards
  7 kobolds
  13 rats
78 creatures vanquished.

Notes
Turn   | Place    | Note
-------+----------+-------------------------------------------
     0 | D:1      | Masnef the Deep Elf Monk began the quest for the Orb.
     0 | D:1      | Reached XP level 1. HP: 13/13 MP: 3/3
   461 | D:1      | Reached XP level 2. HP: 18/18 MP: 4/4
   898 | D:2      | Found a stormy altar of Qazlal.
  1056 | D:2      | Found a shimmering altar of Xom.
  1065 | D:2      | Found a sparkling altar of Nemelex Xobeh.
  1066 | D:2      | Found a shimmering altar of Xom.
  1125 | D:2      | Reached XP level 3. HP: 22/22 MP: 5/5
  1220 | D:2      | Found a hazy altar of Hepliaklqana.
  1364 | D:2      | Found a radiant altar of Vehumet.
  1373 | D:2      | Became a worshipper of Vehumet
  1373 | D:2      | Reached * piety under Vehumet
  1373 | D:2      | Offered knowledge of Sting by Vehumet.
  1373 | D:2      | Reached ** piety under Vehumet
  1376 | D:2      | Learned a level 1 spell: Sting
  1383 | D:2      | Found a shimmering altar of Xom.
  2095 | D:2      | Offered knowledge of Shock by Vehumet.
  2099 | D:2      | Reached skill level 1 in Conjurations
  2099 | D:2      | Reached skill level 1 in Poison Magic
  2287 | D:3      | You fall through a shaft!
  2319 | D:4      | Reached XP level 4. HP: 14/27 MP: 4/6
  2429 | D:4      | Noticed Robin
  2536 | D:3      | Reached skill level 1 in Spellcasting
  2536 | D:3      | Reached XP level 5. HP: 20/31 MP: 5/8
  4193 | D:3      | Reached XP level 6. HP: 37/37 MP: 11/11
  4303 | D:3      | Offered knowledge of Static Discharge by Vehumet.
  4579 | D:3      | Killed from afar by an orc priest

Skill      XL: |  1  2  3  4  5 |
---------------+----------------+-----
Stealth        | 3 4 |  4.2
Conjurations   | 2 |  2.8
Poison Magic   | 2 |  2.5
Dodging        | 4 |  4.3
Spellcasting   | 1 2 |  2.4
Fighting       | 3 |  3.0
Short Blades   | |  3.1

Action                   |  1- 3 |  4- 6 || total
-------------------------+-------+-------++-------
Melee: Short sword       |   114 |    31 ||   145
       Whip              |       |     3 ||     3
 Fire: Hunting sling     |    46 |    41 ||    87
 Cast: Sting             |     9 |    37 ||    46
 Abil: Evoke Flight      |     3 |       ||     3
  Use: Scroll            |       |    11 ||    11
 Stab: Sleeping          |    10 |     3 ||    13
  Eat: Chunk             |     5 |     8 ||    13
Armor: Robe              |    23 |    10 ||    33
Dodge: Dodged            |    84 |    47 ||   131
